Construct Section Command Post
Construct Platoon Command Post
Unlock Bishop Self-propelled Artillery
Bishop Self-propelled Artillery
6-pounder Anti-tank Gun Team
Bishop Self-propelled Artillery
Selects Air and Sea Battlegroup
6-pounder Anti-tank Gun Team
Selects Commando Section Paradrop
Bishop Self-propelled Artillery
Construct Company Command Post
6-pounder Anti-tank Gun Team
Selects Naval Bombardment
Construct Company Command Post
Selects Commando Support Section Paradrop
Unlock Towed 17-pounder Anti-tank Guns
17-pounder Anti-tank Gun Team
Bishop Self-propelled Artillery